 Dungeon Crawl Stone Soup version 0.20.1-1-g8b1a95d (webtiles) character file.

1407 Irenicus the Cudgeler (level 8, 0/93 HPs)
             Began as a Deep Dwarf Necromancer on Nov 7, 2017.
             Was an Initiate of Gozag.
             Slain by Menkaure (15 damage)
             ... on level 7 of the Dungeon.
             The game lasted 00:28:27 (4206 turns).

Irenicus the Cudgeler (Deep Dwarf Necromancer)      Turns: 4206, Time: 00:28:28

Health: 0/93       AC:  5    Str: 14 (16) XL:     8   Next: 42%
Magic:  4/11       EV: 12    Int: 16 (17) God:    Gozag
Gold:   271        SH:  0    Dex: 13 (15) Spells: 5/11 levels left

rFire    + . .     SeeInvis .   p - +3 morningstar (vamp)
rCold    + + .     Gourm    .   (no shield)
rNeg     + . .     Faith    .   D - +2 leather armour {rPois}
rPois    +         Spirit   .   (no helmet)
rElec    .         Reflect  .   w - scarf {rC+ rF+}
rCorr    .         Harm     .   (no gloves)
MR       +....                  (no boots)
Stlth    ..........             A - amulet of magic regeneration
Regen    0.0/turn               E - ring of positive energy
MPRegen  0.2/turn               m - ring of protection from cold

@: berserking, very slightly contaminated, non-regenerating, very quick
A: damage resistance, heal wounds, sense surroundings 1, no regeneration
a: Heal Wounds, Potion Petition, Call Merchant, Bribe Branch, Renounce Religion


You were on level 7 of the Dungeon.
You worshipped Gozag.
Gozag was aware of your devotion.
You were hungry.

You visited 2 branches of the dungeon, and saw 8 of its levels.

You collected 538 gold pieces.
You spent 190 gold pieces at shops.
You paid 77 gold pieces to Gozag.

Inventory:

Hand Weapons
 p - a +3 vampiric morningstar (weapon)
 x - a +0 war axe
 z - a +1 hand axe of chopping
Missiles
 o - 10 javelins (quivered)
Armour
 w - a scarf of resistance (worn)
 B - a +0 cloak
 D - a +2 leather armour of poison resistance (worn)
 G - the +2 shield of Elyvilon's Generosity {Dex+2}
   (You bought it in a shop on level 6 of the Dungeon)

   It affects your dexterity (+2).
Jewellery
 j - an uncursed ring of flight
 m - a ring of protection from cold (right hand)
 A - an amulet of magic regeneration (around neck)
 E - a ring of positive energy (left hand)
Scrolls
 a - a scroll of recharging {unknown}
 e - 3 scrolls of magic mapping
 f - a scroll of noise {unknown}
 h - a scroll of teleportation {unknown}
 l - 3 scrolls of remove curse
 n - a scroll of random uselessness {unknown}
 v - a scroll of fear {unknown}
 y - a scroll of blinking {unknown}
 C - a scroll of immolation {unknown}
Potions
 g - a potion of lignification
 k - a potion of brilliance
 q - 2 potions of ambrosia
 r - a potion of resistance
 s - 2 potions of flight
 t - 3 potions of magic
Books
 b - a book of Necromancy

   Spells                             Type                      Level
   a - Pain                           Necromancy                   1
   b - Animate Skeleton               Necromancy                   1
   c - Vampiric Draining              Necromancy                   3
   d - Regeneration                   Charms/Necromancy            3
   e - Animate Dead                   Necromancy                   4
   f - Control Undead                 Necromancy                   4
 i - a book of Cantrips

   Spells                             Type                      Level
   a - Confusing Touch                Hexes                        1
   b - Animate Skeleton               Necromancy                   1
   c - Summon Small Mammal            Summoning                    1
   d - Apportation                    Translocation                1
Comestibles
 c - 2 bread rations


   Skills:
 - Level 6.0(7.6) Axes
 - Level 6.4(7.4) Maces & Flails
 - Level 2.1 Dodging
 - Level 2.4 Stealth
 - Level 3.2 Shields
 - Level 2.1 Spellcasting
 - Level 6.0 Necromancy
 + Level 2.2 Translocations


You had 5 spell levels left.
You knew the following spells:

 Your Spells              Type           Power        Failure   Level  Hunger
a - Pain                  Necr           ###.         2%          1    #......
b - Animate Skeleton      Necr           N/A          2%          1    #......
c - Apportation           Tloc           #.....       11%         1    #......
e - Vampiric Draining     Necr           ###.......   6%          3    ###....


Dungeon Overview and Level Annotations

Branches:
Dungeon (7/15)             Temple (1/1) D:5

Altars:
Ashenzari
Cheibriados
Elyvilon
Fedhas
Gozag
Hepliaklqana
Kikubaaqudgha
Makhleb
Nemelex Xobeh
Okawaru
Qazlal
Ru
Sif Muna
Trog
Uskayaw
Vehumet
Yredelemnul
Zin
The Shining One

Shops:
D:5 :   D:6 ([(

Annotations:
D:7 Menkaure


Innate Abilities, Weirdness & Mutations

You are resistant to damage.
You can heal yourself by infusing magical energy.
You passively map a small area around you.
You do not regenerate.


Message History

You feel weakened.
You feel dopey.
You feel clumsy.
Menkaure casts a spell.
Menkaure seems to speed up.
The adder bites you.
It was a potion of berserk rage.
A red film seems to cover your vision as you go berserk!
You feel yourself moving faster!
You feel mighty! The adder bites you.
Menkaure calls on the powers of darkness!
The adder convulses!
Your body is wracked with pain!
* * * LOW HITPOINT WARNING * * *
You closely miss the adder.
The adder is heavily wounded.
The adder closely misses you.
You miss the adder.
The adder is heavily wounded.
The adder misses you. Menkaure misses you.
You closely miss Menkaure. The adder closely misses you. Menkaure hits you!
* * * LOW HITPOINT WARNING * * *
You barely miss Menkaure. The adder misses you. Menkaure hits you!
You die...
Your body crumbles into a pile of gold.

...#...<.......# ..##,
#.............# ..... *
##..<.))(.....#####....
*
.>....)........##......
......))<...###...##
*,, .#.....##..##
##...## , * ##...####.#
#>...# , **##.# #.#
##..#........ *#..* #.#
#.@.##....... *#.. #.#
#SM.# #...... * ..# #.#
...#.(# .....# *, ##.,
*......##.........# *
.....# ##........#
....# ..###...# * ....
..# , #.. ..# ,


You could see Menkaure and an adder.

Vanquished Creatures
  Sigmund (D:2)
  A sky beast (D:6)
  An ogre (D:6)
  A centaur (D:6)
  A big kobold (D:7)
  A bullfrog (D:7)
  A gnoll sergeant (D:6)
  A wyvern zombie (D:6)
  A crimson imp (D:6)
  A quasit (D:6)
  2 hounds
  2 orc priests (D:4)
  6 orc wizards
  2 iguanas
  A worker ant (D:6)
  A hound skeleton (D:5)
  11 gnolls
  7 adders
  2 shadow imps (D:6)
  An ooze (D:2)
  An adder skeleton (D:6)
  4 worms
  A dart slug (D:1)
  A leopard gecko (D:2)
  16 orcs
  A ball python (D:4)
  4 giant cockroaches
  3 goblins
  3 hobgoblins (D:3)
  2 jackals (D:3)
  4 quokkas
  4 bats
  7 frilled lizards
  13 kobolds
  A leopard gecko zombie (D:6)
  4 rats
114 creatures vanquished.

Vanquished Creatures (collateral kills)
  A worker ant (D:4)
  An ooze (D:4)
2 creatures vanquished.

Grand Total: 116 creatures vanquished

Notes
Turn   | Place    | Note
-------+----------+-------------------------------------------
     0 | D:1      | Irenicus the Deep Dwarf Necromancer began the quest for the Orb.
     0 | D:1      | Reached XP level 1. HP: 15/15 MP: 3/3
     6 | D:1      | Noticed an eight-headed hydra
     6 | D:1      | Noticed a polar bear
     6 | D:1      | Noticed a redback
   197 | D:1      | Reached XP level 2. HP: 22/22 MP: 0/5
   587 | D:1      | Reached skill level 5 in Necromancy
   591 | D:1      | Learned a level 1 spell: Animate Skeleton
   985 | D:2      | Reached XP level 3. HP: 20/28 MP: 0/6
  1145 | D:2      | Reached skill level 1 in Axes
  1289 | D:2      | Noticed Sigmund
  1329 | D:2      | Killed Sigmund
  1329 | D:2      | Reached XP level 4. HP: 13/36 MP: 0/7
  1329 | D:2      | Reached XP level 5. HP: 15/42 MP: 0/8
  1358 | D:2      | Learned a level 3 spell: Vampiric Draining
  1699 | D:3      | Reached skill level 5 in Axes
  1938 | D:3      | Found a glowing golden altar of the Shining One.
  1938 | D:3      | Found a hide-covered altar of Uskayaw.
  2074 | D:3      | Found a faded altar of an unknown god.
  2151 | D:4      | Reached XP level 6. HP: 42/49 MP: 0/9
  2638 | D:4      | Learned a level 1 spell: Apportation
  2794 | D:5      | Entered Level 5 of the Dungeon
  2857 | D:5      | Reached skill level 1 in Maces & Flails
  2894 | D:5      | Reached XP level 7. HP: 33/55 MP: 0/10
  2981 | D:5      | Found a staircase to the Ecumenical Temple.
  2990 | Temple   | Entered the Ecumenical Temple
  3023 | Temple   | Became a worshipper of Gozag Ym Sagoz the Greedy
  3364 | D:5      | Found Dotyt's Book Shoppe.
  3628 | D:6      | Found a stormy altar of Qazlal.
  3635 | D:6      | Found Koute's Antique Weapon Emporium.
  3677 | D:6      | Reached skill level 5 in Maces & Flails
  3706 | D:6      | Found Bualiut's Antique Armour Shop.
  3709 | D:6      | Bought a steaming shield for 190 gold pieces
  3718 | D:6      | Reached XP level 8. HP: 27/62 MP: 6/11
  3750 | D:6      | Identified the +2 shield of Elyvilon's Generosity {Dex+2} (You bought it in a shop on level 6 of the Dungeon)
  3953 | D:6      | Found Kujamp's Antique Weapon Shoppe.
  4150 | D:7      | Reached skill level 1 in Translocations
  4197 | D:7      | Noticed Menkaure
  4206 | D:7      | Slain by Menkaure

Skill      XL: |  1  2  3  4  5  6  7  8 |
---------------+-------------------------+-----
Spellcasting   | 2 |  2.1
Necromancy     | 5 6 |  6.0
Axes           | 4 5 6 |  6.0
Maces & Flails | 2 6 |  6.4
Shields        | 3 |  3.2
Translocations | 2 |  2.2
Dodging        | |  2.1
Stealth        | |  2.4

Action                   |  1- 3 |  4- 6 |  7- 9 || total
-------------------------+-------+-------+-------++-------
Melee: Unarmed           |    16 |       |       ||    16
       Hand axe          |     8 |    54 |       ||    62
       Morningstar       |       |    32 |   186 ||   218
Throw: Javelin           |     4 |       |       ||     4
 Cast: Pain              |    49 |    32 |     4 ||    85
       Animate Skeleton  |     2 |    10 |     1 ||    13
       Vampiric Draining |       |    25 |    23 ||    48
       Apportation       |       |       |    14 ||    14
  Use: Potion            |     3 |       |     3 ||     6
       Scroll            |       |     5 |     1 ||     6
 Stab: Sleeping          |     1 |     1 |     1 ||     3
  Eat: Chunk             |     2 |     7 |       ||     9
       Meat ration       |       |     1 |       ||     1
       Bread ration      |       |       |     1 ||     1
       Royal jelly       |       |       |     2 ||     2
Armor: Leather armour    |     4 |    22 |    76 ||   102
       Skin              |     5 |       |       ||     5
Dodge: Dodged            |    18 |    70 |   127 ||   215
Block: Shield            |       |       |    56 ||    56
